AoeStats
← Ergoteur

Arena

510329115Analyzed
1v1 RM · 1d ago on Sep 30, 2026· 43m 2s· 2 players
Game mode
Random Map
Map size
Tiny (2 player)
Population
200
Speed
Normal
Resources
Standard
Victory
Conquest
Starting age
Dark Age
Ending age
Imperial Age
RankedLock teamsTeams togetherTeam positionsShared explorationLock speedFull tech treeHidden civsTurbo modeCheats
Victory
Defeat
🇨🇳 Cumans · China
1002
+17
🇨🇦 Khmer · Canada
1029
-17
不要打我哦
10:32 Feudal Age
9:23 Loom
11:11 Double-Bit Axe
24:39 Fletching
37:23 Man-at-Arms
Ergoteur
11:01 Feudal Age
13:55 Castle Age
12:00 Double-Bit Axe
15:10 Loom
Connection lost

Rejoining the realm…

Still unreachable

The connection could not be restored.

Session expired

The server has moved on; the page needs a fresh start.